 Dungeon Crawl Stone Soup version 0.17-a0-1987-gaf5a542 (webtiles) character file.

39 Shim the Grasshopper (level 3, -2/24 HPs)
             Began as a High Elf Warper on Oct 6, 2015.
             Slain by a giant frog (5 damage)
             ... on level 3 of the Dungeon.
             The game lasted 00:09:48 (1872 turns).

Shim the Grasshopper (High Elf Warper)              Turns: 1872, Time: 00:09:48

Health: -2/24      AC:  3    Str: 10    XL:     3   Next: 26%
Magic:  7/7        EV: 12    Int: 16    God:
Gold:   104        SH:  0    Dex: 16    Spells: 3 memorised, 2 levels left

rFire  . . .     SeeInvis .     a - +0 short sword
rCold  . . .     Clarity  .     b - +0 leather armour
rNeg   + . .     SustAt   .     (no shield)
rPois  .         Gourm    .     (no helmet)
rElec  .         Spirit   .     (no cloak)
rCorr  .         Warding  +     (no gloves)
rMut   .         Stasis   .     (no boots)
MR     .....                    j - amulet of warding
Stlth  +.........               (no ring)
                                (no ring)

@: not resistant to hostile enchantments, very unstealthy
A: no striking features
a: no special abilities


You were on level 3 of the Dungeon.
You were not hungry.

You visited 1 branch of the dungeon, and saw 3 of its levels.

You collected 104 gold pieces.

Inventory:

Hand Weapons
 a - a +0 short sword (weapon)
Missiles
 e - 4 tomahawks of dispersal (quivered)
 l - 110 stones
 p - a tomahawk
 u - 20 poisoned needles
 w - 10 arrows of flame
Armour
 b - a +0 leather armour (worn)
Jewellery
 j - an amulet of warding (around neck)
Scrolls
 d - 2 scrolls of blinking
 k - a scroll of enchant weapon {unknown}
 n - 2 scrolls of fear {unknown}
 q - a scroll of noise {unknown}
 s - a scroll of immolation {unknown}
Potions
 g - a potion of resistance {unknown}
 i - a potion of haste {unknown}
 o - 4 potions of curing {unknown}
 v - 2 potions of might {unknown}
 x - a potion of heal wounds {unknown}
 B - a potion of brilliance {unknown}
Books
 c - a book of Spatial Translocations

   Spells                             Type                      Level
   a - Apportation                    Translocation                1
   b - Blink                          Translocation                2
   c - Shroud of Golubria             Charms/Translocation         2
   d - Portal Projectile              Translocation                3
   e - Teleport Other                 Translocation                3
   f - Passage of Golubria            Translocation                4
Comestibles
 f - a bread ration
 h - 2 beef jerkies
 m - a meat ration
 r - a royal jelly
 t - a slice of pizza
 A - 3 fruits


   Skills:
 + Level 2.0 Fighting
 + Level 2.7 Short Blades
 * Level 1.8 Throwing
 + Level 1.1 Armour
 + Level 2.4 Dodging
 * Level 0.5 Stealth
 + Level 2.6 Spellcasting
 + Level 3.7 Translocations


You had 2 spell levels left.
You knew the following spells:

 Your Spells              Type           Power        Failure   Level  Hunger
a - Apportation           Tloc           ##........   8%          1    #......
b - Blink                 Tloc           N/A          12%         2    ##.....
c - Shroud of Golubria    Chrm/Tloc      #.........   21%         2    ##.....


Dungeon Overview and Level Annotations

Branches:
Dungeon (3/15)

Altars:
Sif Muna
Trog
Yredelemnul


Message History

Press: ? - help, Shift-Dir - straight line, f/p - worm
Aim: a worm (moderately wounded)
You throw a tomahawk of dispersal.
The tomahawk of dispersal hits the giant frog.
The giant frog blinks!
The giant frog is lightly wounded.
The giant frog hits you.
* * * LOW HITPOINT WARNING * * *
The giant frog barely misses you. The giant frog hits you.
* * * LOW HITPOINT WARNING * * *
The giant frog hits you but does no damage.
The giant frog barely misses you.
An orc comes into view. It is wielding a hand axe.
The orc shouts!
The giant frog hits you but does no damage.
Found a scale mail. 2 orcs come into view.
The giant frog hits you.
You die...

######.## #.#...#.#
#...... #.####.#.#.#.#
#...... #........#.#.##
#......
#.###....#....###.#####
########.###.#######.....#
#........<......#....#####
.###.#####...#.#...#.####
.......>##...#.#.....#
.###)##.##......@....#
#.......#.####F#.##
###..####.####.#.# #.#..#
#.w....# # ##.(##
#######...# ...( o..#
##.#.# ..... #. .# o...##
#. .. o.....


You could see a giant frog and 2 orcs.

Vanquished Creatures
  An ooze (D:2)
  A worm (D:2)
  A giant gecko (D:1)
  An orc (D:3)
  5 bats
  2 giant cockroaches
  3 hobgoblins
  A quokka (D:2)
  2 giant newts
  3 goblins
  5 kobolds
  3 rats
28 creatures vanquished.

Notes
Turn   | Place    | Note
--------------------------------------------------------------
     0 | D:1      | Shim the High Elf Warper began the quest for the Orb.
     0 | D:1      | Reached XP level 1. HP: 14/14 MP: 4/4
   243 | D:2      | Found a basalt altar of Yredelemnul.
   244 | D:2      | Found a deep blue altar of Sif Muna.
   417 | D:2      | Reached skill level 1 in Armour
   515 | D:2      | Reached XP level 2. HP: 19/19 MP: 6/6
   523 | D:2      | Learned a level 2 spell: Blink
   640 | D:2      | Found a bloodstained altar of Trog.
  1083 | D:1      | Learned a level 2 spell: Shroud of Golubria
  1244 | D:1      | Reached XP level 3. HP: 24/24 MP: 7/7
  1853 | D:3      | Noticed a giant frog
  1872 | D:3      | Slain by a giant frog

Vault maps used:
D:1:      arrival_zaba_pyramid
D:2:      overflow_temple_1_default, grunt_temple_overflow_open

Action                   || total
-------------------------++-------
Melee: Short sword       ||    55
Throw: Stone             ||     8
       Tomahawk          ||    34
 Cast: Shroud of Golubri ||     2
 Stab: Sleeping          ||     1
  Eat: Chunk             ||     2
       Fruit             ||     1
